 Dungeon Crawl Stone Soup version 0.18.1-5-g4a78601 (webtiles) character file.

69 Guinours the Firebug (level 4, -2/27 HPs)
             Began as an Octopode Fire Elementalist on May 11, 2016.
             Was an Initiate of Cheibriados.
             Killed from afar by an orc wizard (6 damage)
             ... with a magic dart
             ... on level 3 of the Dungeon.
             The game lasted 00:13:36 (3009 turns).

Guinours the Firebug (Octopode Fire Elementalist)   Turns: 3009, Time: 00:13:37

Health: -2/27      AC:  1    Str:  8    XL:     4   Next: 20%
Magic:  0/17       EV: 12    Int: 19    God:    Cheibriados [......]
Gold:   76         SH:  0    Dex: 13    Spells: 2 memorised, 6 levels left

rFire  x . .     SeeInvis .     (no weapon)
rCold  + . .     Gourm    .     (no shield)
rNeg   . . .     Faith    .     (helmet restricted)
rPois  .         Spirit   .     (no amulet)
rElec  .         Dismiss  .     h - ring of ice
rCorr  .         Reflect  .     o - ring of magical power (curse)
SustAt .         Harm     .     (no ring)
MR     .....                    (no ring)
Stlth  +++.......               (no ring)
                                (no ring)
                                (no ring)
                                (no ring)

@: starving, slowed, very slow, not resistant to hostile enchantments, fairly
stealthy
A: almost no armour, amphibious, 8 rings, constrict 8, camouflage 1, gelatinous
body 1
a: Bend Time, Renounce Religion


You were on level 3 of the Dungeon.
You worshipped Cheibriados.
Cheibriados was noncommittal.
You were starving.

You visited 1 branch of the dungeon, and saw 3 of its levels.

You collected 76 gold pieces.

Inventory:

Jewellery
 h - a ring of ice (left tentacle)
 o - a cursed ring of magical power (right tentacle)
Wands
 l - a wand of flame (32/48)
Scrolls
 d - a scroll of immolation {unknown}
 i - a scroll of noise
 m - 3 scrolls of remove curse {unknown}
 n - a scroll of blinking {unknown}
Potions
 c - a potion of beneficial mutation {unknown}
 e - 2 potions of agility {unknown}
 f - a potion of heal wounds {unknown}
 g - 2 potions of flight {unknown}
 j - a potion of curing {unknown}
 k - 2 potions of lignification {unknown}
Books
 a - a book of Flames

   Spells                             Type                      Level
   a - Flame Tongue                   Conjuration/Fire             1
   b - Throw Flame                    Conjuration/Fire             2
   c - Conjure Flame                  Conjuration/Fire             3
   d - Inner Flame                    Hexes/Fire                   3
   e - Sticky Flame                   Conjuration/Fire             4
   f - Fireball                       Conjuration/Fire             5


   Skills:
 + Level 2.1 Dodging
 + Level 3.1 Stealth
 + Level 3.0 Spellcasting
 + Level 1.6 Conjurations
 + Level 3.7 Fire Magic


You had 6 spell levels left.
You knew the following spells:

 Your Spells              Type           Power        Failure   Level  Hunger
a - Flame Tongue          Conj/Fire      #....        8%          1    None
b - Throw Flame           Conj/Fire      #.....       10%         2    ##.....


Dungeon Overview and Level Annotations

Branches:
Dungeon (3/15)

Altars:
Ashenzari
Cheibriados
Gozag
Pakellas


Innate Abilities, Weirdness & Mutations

You cannot wear most types of armour.
You are amphibious.
You can wear up to eight rings at the same time.
You can use your tentacles to constrict eight enemies at once.
Your skin changes colour to match your surroundings (Stealth).
Your rubbery body absorbs attacks (AC +1).


Message History

The jackal barely misses you. The jackal closely misses you.
The orc hits you with a hand axe. The orc misses you.
The orc wizard barely misses you. The giant cockroach barely misses you.
The goblin closely misses you. The jackal bites you.
The jackal closely misses you. The orc barely misses you.
The orc wizard points at you and mumbles some strange words.
The magic dart hits you!
* * * LOW HITPOINT WARNING * * *
The giant cockroach misses you. The orc hits you but does no damage.
You barely miss the giant cockroach. You grab the giant cockroach.
You squeeze the giant cockroach.
You kill the giant cockroach!
Cheibriados thoroughly appreciates the change of pace.
The bat closely misses you. The bat misses you. The jackal barely misses you.
The jackal bites you.
* * * LOW HITPOINT WARNING * * *
The goblin closely misses you. The orc wizard casts a spell at you.
The magic dart hits you!
You die...

#.#.....###.#
...#.........#
#........#####
#.#####.## #
#.# #.# ##g##
##bgo##
#.h@oh#
#.ohho..#
#.........#
+.........+
#.........#
##.......##
##.....##
##...##


You could see an orc wizard, 3 orcs, 4 jackals, 2 goblins and a bat.

Vanquished Creatures
  3 adders (D:2)
  2 giant geckos (D:1)
  4 giant cockroaches
  4 goblins (D:2)
  5 hobgoblins
  3 jackals (D:1)
  3 kobolds (D:2)
  A quokka (D:2)
  A bat (D:1)
  4 giant newts
  9 rats
39 creatures vanquished.

Notes
Turn   | Place    | Note
--------------------------------------------------------------
     0 | D:1      | Guinours the Octopode Fire Elementalist began the quest for the Orb.
     0 | D:1      | Reached XP level 1. HP: 11/11 MP: 3/3
   250 | D:1      | Reached XP level 2. HP: 17/17 MP: 3/5
   792 | D:2      | Reached XP level 3. HP: 21/21 MP: 4/6
   799 | D:2      | Learned a level 2 spell: Throw Flame
   808 | D:2      | Found a shattered altar of Ashenzari.
   811 | D:2      | Found a snail-covered altar of Cheibriados.
  1556 | D:2      | Found an oddly glowing altar of Pakellas.
  1560 | D:2      | Became a worshipper of Pakellas the Inventive
  1618 | D:2      | Reached XP level 4. HP: 19/27 MP: 2/8
  1760 | D:2      | Fell from the grace of Pakellas
  1760 | D:2      | Became a worshipper of Cheibriados the Contemplative
  2665 | D:2      | Paralysed by fainting for 11 turns
  2929 | D:3      | Found an opulent altar of Gozag.
  3009 | D:3      | Killed from afar by an orc wizard

Skill      XL: |  1  2  3  4 |
---------------+-------------+-----
Stealth        | 3 |  3.1
Spellcasting   | 3 |  3.0
Dodging        | |  2.1
Conjurations   | |  1.6
Fire Magic     | |  3.7

Action                   |  1- 3 |  4- 6 || total
-------------------------+-------+-------++-------
Melee: Unarmed           |     6 |    15 ||    21
       Constrict         |     1 |     4 ||     5
       Tentacles         |       |     5 ||     5
 Cast: Flame Tongue      |    29 |       ||    29
       Throw Flame       |    22 |     2 ||    24
  Use: Scroll            |     5 |       ||     5
 Stab: Sleeping          |       |     1 ||     1
  Eat: Bread ration      |     1 |       ||     1
       Beef jerky        |       |     1 ||     1
Armor: Skin              |     1 |     2 ||     3
Dodge: Dodged            |    15 |    34 ||    49
